AoeStats
← WoodChuckle

Arabia

509779277Analyzed
1v1 RM · 5d ago on Sep 28, 2026· 36m 11s· 2 players
Game mode
Random Map
Map size
Tiny (2 player)
Population
200
Speed
Normal
Resources
Standard
Victory
Conquest
Starting age
Dark Age
Ending age
Imperial Age
RankedLock teamsTeams togetherTeam positionsShared explorationLock speedFull tech treeHidden civsTurbo modeCheats
Victory
Defeat
🇺🇸 Byzantines · United States
993
+51
🇦🇺 Danes · Australia
1032
-18
WoodChuckle
2:34 Loom
13:03 Feudal Age
13:43 Double-Bit Axe
14:37 Wheelbarrow
13:56 Gold Mining
13:55 Horse Collar
16:17 Scale Mail Armor
17:57 Forging
17:16 Man-at-Arms
25:43 Castle Age
23:58 Padded Archer Armor
24:39 Fletching
26:45 Thumb Ring
26:19 Crossbowman
TooSwift4_U
10:47 Feudal Age
9:02 Loom
14:29 Castle Age
21:03 Scale Mail Armor
Connection lost

Rejoining the realm…

Still unreachable

The connection could not be restored.

Session expired

The server has moved on; the page needs a fresh start.